 Dungeon Crawl Stone Soup version 0.27-a0-25-g087482e4d5 (webtiles) character file.

Game seed: 4048557942592706224

11827 Kaver the Geomancer (level 11, -1/64 HPs)
             Began as a Gargoyle Earth Elementalist on Jan 3, 2021.
             Was an Elder of Vehumet.
             Engulfed by a cloud of flame (8 damage)
             ... on level 11 of the Dungeon.
             The game lasted 00:29:25 (14225 turns).

Kaver the Geomancer (Gargoyle Earth Elementalist)  Turns: 14225, Time: 00:29:26

Health: -1/64      AC: 23    Str: 13    XL:     11   Next: 83%
Magic:  10/23      EV: 28    Int: 21    God:    Vehumet [****..]
Gold:   2359       SH:  0    Dex: 10    Spells: 17/26 levels left

rFire    . . .     SeeInvis +   f - +0 short sword (venom)
rCold    . . .     Faith    .   (no shield)
rNeg     + . .     Spirit   .   w - +0 steam dragon scales
rPois    ∞         Reflect  .   a - +1 hat {Int+3}
rElec    +         Harm     .   m - +2 cloak
rCorr    .         Rampage  .   C - +2 pair of gloves
Will     .....     Clarity  +   j - +0 pair of boots
Stlth    ++........             A - amulet of the acrobat
HPRegen  0.20/turn              y - ring of wizardry
MPRegen  0.18/turn              (no ring)

@: acrobat
A: see invisible, clarity, negative energy resistance 1, shaggy fur 1,
electricity resistance, unbreathing, petrification resistance, miasma immunity,
AC +8
a: Renounce Religion


You were on level 11 of the Dungeon.
You worshipped Vehumet.
Vehumet was greatly pleased with you.
You visited 2 branches of the dungeon, and saw 12 of its levels.

You collected 2359 gold pieces.

Inventory:

Hand Weapons
 f - a +0 short sword of venom (weapon)
 t - a +2 vampiric dire flail
Missiles
 b - 359 stones (quivered)
 h - 9 curare-tipped darts
Armour
 a - a +1 hat of intelligence (worn)
 j - a +0 pair of boots (worn)
 m - a +2 cloak (worn)
 w - +0 steam dragon scales (worn)
 C - a +2 pair of gloves (worn)
Jewellery
 y - a ring of wizardry (left hand)
 A - an amulet of the acrobat (around neck)
Wands
 n - a wand of iceblast (5)
 s - a wand of digging (3)
 u - a wand of paralysis (17)
 B - a wand of acid (8)
 F - a wand of disintegration (9)
Scrolls
 g - a scroll of fog
 i - 8 scrolls of remove curse
 l - 2 scrolls of blinking
 q - 3 scrolls of immolation
 v - a scroll of fear
 G - a scroll of teleportation
Potions
 d - 2 potions of magic
 e - a potion of might
 k - 2 potions of curing
 o - a potion of brilliance
 p - 2 potions of cancellation
 r - a potion of ambrosia
 D - a potion of invisibility
 E - a potion of flight
 H - a potion of heal wounds
 I - a potion of mutation
 J - a potion of resistance {unknown}
Miscellaneous
 c - a phantom mirror
 x - a lightning rod (4/4)
 z - a phial of floods


   Skills:
 + Level 5.4 Fighting
 + Level 5.0 Maces & Flails
 + Level 5.4 Armour
 + Level 4.5 Dodging
 - Level 2.1 Stealth
 + Level 8.1 Spellcasting
 + Level 8.9 Conjurations
 - Level 0.7 Transmutations
 + Level 10.7 Earth Magic
 + Level 4.6 Evocations


You had 17 spell levels left.
You knew the following spells:

 Your Spells              Type           Power        Failure   Level
a - Sandblast             Erth           100%         1%          1
b - Stone Arrow           Conj/Erth      98%          1%          3
c - Lee's Rapid Deconstr  Erth           26%          1%          5

Your spell library contained the following spells:

 Spells                   Type           Power        Failure   Level
 Bolt of Magma            Conj/Fire/Erth 18%          1%          5
 Passwall                 Tmut/Erth      26%          1%          2
 Petrify                  Tmut/Erth      32%          3%          4


Dungeon Overview and Level Annotations

Branches:
Dungeon (11/15)            Temple (1/1) D:4            Lair (0/6) D:9
    Orc (0/2) D:10

Altars:
Ashenzari
Dithmenos
Hepliaklqana
Kikubaaqudgha
Makhleb
Nemelex Xobeh
Okawaru
Sif Muna
Trog
Uskayaw
Vehumet
Zin
Lugonu

Shops:
D:9 }

Annotations:
D:8 2 transporters


Innate Abilities, Weirdness & Mutations

You are resistant to torment.
Your stone body is resilient. (AC +8)
You are immune to poison.
You resist negative energy. (rN+)
You are resistant to electric shocks. (rElec)
You can survive without breathing.
You are immune to petrification.
You are immune to miasma.
You have supernaturally acute eyesight. (SInv)
You possess an exceptional clarity of mind.
You are covered in fur. (AC +1)


Message History

Casting: Lee's Rapid Deconstruction (dangerous; 1% risk of failure)
Confirm with . or Enter, or press ? or * to list all spells.
Aiming: Lee's Rapid Deconstruction (dangerous; 1% risk of failure)
Press: ? - help, Dir - move target A rock wall.
The wall shatters!
The blast of rock fragments hits the cyclops!
Vehumet accepts your kill.
The cyclops explodes!
The fiery explosion engulfs the water moccasin!!
Vehumet accepts your kill.
You feel your power returning.
The fiery explosion engulfs the meliai zombie!!!
Vehumet accepts your kill.
You feel your power returning. The fiery explosion engulfs you!!
The meliai zombie explodes!
The water moccasin explodes!
The fiery explosion engulfs you!!
* * * LOW HITPOINT WARNING * * *
You are engulfed in blazing flames.
You die...

##### .....#
######### ......#
#.......# .......
#.......# .......
#.......# .!.....
#.......#
.......####§......#
...oo.§§§§§@......#
....l.§####§......#
.....## ##..#####
...C #.####### ...
#.#.....# ..
###.#.....# .
###..>......#
##...#.......#
##......#######


You could see an orc (inner flame, fleeing) and a leopard gecko (inner flame,
fleeing).

Vanquished Creatures
  Erolcha (D:9)
  2 two-headed ogres
  2 cyclopes
  Maggie (D:7)
  A hornet (D:9)
  Grinder (D:5)
  A meliai zombie (D:11)
  Sigmund (D:5)
  A wyvern (D:10)
  2 wraiths (D:10)
  16 yaks
  Eustachio (D:5)
  3 hogs (D:7)
  A human (D:7)
  Menkaure (D:5)
  3 wargs (D:9)
  3 water moccasins
  A black bear (D:10)
  2 sky beasts
  2 orc warriors
  2 ice beasts
  6 ogres
  2 phantoms
  A necrophage (D:8)
  A hornet zombie (D:10)
  A centaur (D:7)
  A big kobold (D:8)
  2 bullfrogs
  A killer bee (D:7)
  3 scorpions
  6 jellies
  14 wights
  An electric eel (D:7)
  4 howler monkeys
  A bullfrog zombie (D:9)
  10 hounds
  2 bullfrog skeletons (D:9)
  A centaur zombie (D:9)
  9 orc priests
  A quasit (D:7)
  An iguana (D:4)
  12 orc wizards
  9 worker ants
  8 gnolls
  12 adders
  2 shadow imps
  3 white imps
  5 ufetubi
  An ooze (D:2)
  An adder skeleton (D:5)
  2 worms
  5 dart slugs
  4 leopard geckos
  66 orcs
  6 giant cockroaches
  9 goblins
  11 hobgoblins
  11 jackals
  7 quokkas
  2 ball pythons (D:4)
  17 bats
  2 frilled lizards (D:2)
  A jackal skeleton (D:7)
  14 kobolds
  7 rats
333 creatures vanquished.

Vanquished Creatures (others)
  A plant (D:9)
1 creature vanquished.

Grand Total: 334 creatures vanquished

Notes
Turn   | Place    | Note
-------+----------+-------------------------------------------
     0 | D:1      | Kaver the Gargoyle Earth Elementalist began the quest for
                  | the Orb.
     0 | D:1      | Reached XP level 1. HP: 10/10 MP: 3/3
   281 | D:1      | Reached skill level 4 in Earth Magic
   281 | D:1      | Reached XP level 2. HP: 15/15 MP: 1/5
   822 | D:1      | Reached XP level 3. HP: 12/19 MP: 6/6
   826 | D:1      | Learned a level 3 spell: Stone Arrow
  1608 | D:2      | Reached skill level 1 in Conjurations
  1610 | D:2      | Reached XP level 4. HP: 12/24 MP: 4/8
  2069 | D:2      | Found a sparkling altar of Nemelex Xobeh.
  2282 | D:2      | Reached skill level 5 in Earth Magic
  2405 | D:2      | Found a shadowy altar of Dithmenos.
  2414 | D:2      | Reached XP level 5. HP: 27/28 MP: 9/9
  2426 | D:2      | Learned a level 5 spell: Lee's Rapid Deconstruction
  3110 | D:3      | Found a faded altar of an unknown god.
  3259 | D:4      | Reached XP level 6. HP: 32/32 MP: 4/11
  3570 | D:4      | Found a broken altar of Ashenzari.
  3625 | D:4      | Reached skill level 6 in Earth Magic
  3770 | D:4      | Noticed a phantom
  3784 | D:4      | Killed a phantom
  3785 | D:4      | Reached XP level 7. HP: 36/36 MP: 7/13
  4334 | D:4      | Found a staircase to the Ecumenical Temple.
  4343 | Temple   | Entered the Ecumenical Temple
  4352 | Temple   | Became a worshipper of Vehumet
  4573 | D:5      | Entered Level 5 of the Dungeon
  4612 | D:5      | Found a glowing silver altar of Zin.
  4639 | D:5      | Noticed Sigmund
  4662 | D:5      | Killed Sigmund
  4812 | D:5      | Noticed Menkaure
  4813 | D:5      | Noticed Eustachio
  4818 | D:5      | Killed Menkaure
  4819 | D:5      | Reached skill level 5 in Spellcasting
  4819 | D:5      | Reached skill level 5 in Conjurations
  4819 | D:5      | Reached skill level 7 in Earth Magic
  4819 | D:5      | Reached XP level 8. HP: 27/41 MP: 10/15
  4822 | D:5      | Killed Eustachio
  4903 | D:5      | Noticed Grinder
  4908 | D:5      | Killed Grinder
  5739 | D:5      | Identified a scroll of acquirement
  5739 | D:5      | Acquired 805 gold pieces
  5910 | D:5      | Found a shimmering blue altar of Sif Muna.
  6054 | D:6      | Reached skill level 8 in Earth Magic
  6579 | D:6      | Gained mutation: You are covered in fur. (AC +1) [potion of
                  | mutation]
  6579 | D:6      | Gained mutation: You possess an exceptional clarity of
                  | mind. [potion of mutation]
  6579 | D:6      | Gained mutation: You have supernaturally acute eyesight.
                  | (SInv) [potion of mutation]
  6878 | D:6      | Reached XP level 9. HP: 45/45 MP: 15/18
  7357 | D:7      | Reached * piety under Vehumet
  7357 | D:7      | Offered knowledge of Magic Dart by Vehumet.
  7358 | D:7      | Reached skill level 1 in Fighting
  7358 | D:7      | Reached skill level 1 in Maces & Flails
  7358 | D:7      | Reached skill level 1 in Armour
  7607 | D:7      | Reached skill level 9 in Earth Magic
  7608 | D:7      | Reached skill level 1 in Evocations
  7893 | D:7      | Noticed Maggie
  7917 | D:7      | Killed Maggie
  7918 | D:7      | Reached XP level 10. HP: 43/54 MP: 20/20
  8047 | D:7      | Found a burning altar of Makhleb.
  8059 | D:7      | Noticed a cyclops
  8072 | D:7      | Killed a cyclops
  8177 | D:7      | Reached ** piety under Vehumet
  8478 | D:7      | Offered knowledge of Foxfire by Vehumet.
  8804 | D:7      | Acquired 869 gold pieces
  8980 | D:7      | Found a burning altar of Makhleb.
  9799 | D:8      | Noticed a purple ugly thing
  9799 | D:8      | Noticed a green ugly thing
  9801 | D:8      | Found a corrupted altar of Lugonu.
  9802 | D:8      | Noticed a brown ugly thing
 10017 | D:8      | Found a transporter.
 10018 | D:8      | Found a transporter.
 10020 | D:8      | You fall into a shaft and drop 1 floor!
 10020 | D:9      | Found a hide-covered altar of Uskayaw.
 10052 | D:9      | Offered knowledge of Static Discharge by Vehumet.
 10305 | D:8      | Noticed a two-headed ogre
 10310 | D:8      | Killed a two-headed ogre
 10688 | D:9      | Reached skill level 10 in Earth Magic
 10689 | D:9      | Reached XP level 11. HP: 62/62 MP: 14/22
 10714 | D:9      | Reached *** piety under Vehumet
 10715 | D:9      | Noticed a two-headed ogre
 11133 | D:9      | Killed a two-headed ogre
 11322 | D:9      | Offered knowledge of Olgreb's Toxic Radiance by Vehumet.
 11322 | D:9      | Noticed Erolcha
 11325 | D:9      | Killed Erolcha
 11373 | D:9      | Found a staircase to the Lair.
 11430 | D:9      | Found Zanolewk's Gadget Shoppe.
 11740 | D:9      | Reached skill level 5 in Armour
 11950 | D:10     | Entered Level 10 of the Dungeon
 11963 | D:10     | Reached skill level 5 in Fighting
 13187 | D:10     | Reached **** piety under Vehumet
 13231 | D:10     | Offered knowledge of Bolt of Magma by Vehumet.
 13575 | D:10     | Found a staircase to the Orcish Mines.
 13989 | D:10     | Reached skill level 5 in Maces & Flails
 14199 | D:11     | Noticed a cyclops
 14225 | D:11     | Killed a cyclops
 14225 | D:11     | Engulfed by a cloud of flame

Illustrated notes

Levels and vault maps discovered:
D:1:      dpeg_arrival_rhombi, layout_loops_ring, nrook_campfire
D:2:      minmay_chambers_of_twos, layout_loops_ring, lemuel_round_altar,
          grunt_dithmenos_smoke_and_mirrors
D:3:      layout_rooms, chequers_ecumenical_altar_simple
D:4:      layout_basic, ashenzari_conservatory_becter,
          minmay_temple_entry_proselytizer
D:5:      layout_loops_ring, zin_academy, led_sif_pool, uniq_sigmund,
          uniq_eustachio, uniq_grinder, uniq_menkaure
D:6:      layout_loops_ring, minmay_increasing_density
D:7:      minmay_the_grid_triangle_9x9_recursive_2
          [minmay_the_grid_triangle_9x9_prize_insulated,
          minmay_the_grid_triangle_9x9_shrine,
          minmay_the_grid_triangle_9x9_sparse_checkered,
          minmay_the_grid_triangle_9x9_swiss_cheese], layout_cave_pools,
          grunt_livestock, minmay_splitting_lines, kennysheep_big_empty_room,
          minmay_misc_feat_four_crosses, uniq_maggie
D:8:      gammafunk_corrupted_shrine, layout_basic
D:9:      layout_irregular_city, eat_drink_and_be_merry_uskayaw,
          erik_lair_orcish_takeover, serial_shops, kennysheep_little_box,
          uniq_erolcha
D:10:     layout_gridville, hiddenorc2_lemuel
D:11:     layout_rooms, interstate_on_off
Temple:   compressed_dpeg_circular_temple

Skill      XL: |  1  2  3  4  5  6  7  8  9 10 11 |
---------------+----------------------------------+-----
Earth Magic    | 4 5 6 7 8 9 10 | 10.7
Conjurations   | 1 2 3 5 6 7 8 |  8.9
Spellcasting   | 3 4 5 6 7 8 |  8.1
Fighting       | 2 4 5 |  5.4
Maces & Flails | 2 4 5 |  5.0
Armour         | 2 4 5 |  5.4
Dodging        | 2 3 4 |  4.5
Evocations     | 2 3 4 |  4.6
Stealth        | |  2.1
Transmutations | |  0.7

Action                   |  1- 3 |  4- 6 |  7- 9 | 10-12 || total
-------------------------+-------+-------+-------+-------++-------
Melee: Unarmed           |     7 |       |       |       ||     7
       Short sword       |   109 |   166 |   181 |   479 ||   935
 Cast: Sandblast         |    21 |     8 |    58 |    46 ||   133
       Lee's Rapid Decon |       |     3 |     4 |    41 ||    48
       Stone Arrow       |       |       |     1 |     1 ||     2
Evoke: Wand              |       |       |     3 |     3 ||     6
  Use: Scroll            |     5 |     2 |     7 |    15 ||    29
       Potion            |     2 |       |     3 |       ||     5
 Stab: Sleeping          |     1 |     5 |     1 |     2 ||     9
       Distracted        |       |     1 |       |       ||     1
       Paralysed         |       |       |    10 |       ||    10
Armor: Robe              |    47 |    56 |    96 |       ||   199
       Steam dragon scal |       |       |       |   257 ||   257
Dodge: Dodged            |    83 |   104 |   142 |   407 ||   736

Table legend: (Time is in decaauts)
 A = Elapsed time spent in this place.
 B = Non-inter-level travel time spent in this place.
 C = Inter-level travel time spent in this place.
 D = Time resting spent in this place.
 E = Time spent auto-exploring this place.
 F = Levels seen in this place.
 G = Mean time per level.
                   A        B        C        D        E       F      G
               +--------+--------+--------+--------+--------+-----+--------+
         Total |  14333 |  14015 |    318 |   3268 |   8014 |  12 | 1194.4 |
       Dungeon |  14317 |  14005 |    312 |   3268 |   8014 |  11 | 1301.5 |
        Temple |     15 |      9 |      6 |      0 |      0 |   1 |   15.0 |
               +--------+--------+--------+--------+--------+-----+--------+

Top non-repeatable levels by time:
    D:10: 2251 daAuts
     D:7: 2148 daAuts
     D:9: 1510 daAuts
     D:1: 1481 daAuts
     D:4: 1374 daAuts
     D:2: 1366 daAuts
     D:5: 1306 daAuts
     D:6: 1124 daAuts
     D:8: 1051 daAuts
     D:3: 656 daAuts
    D:11: 44 daAuts
  Temple: 15 daAuts
